 Dungeon Crawl Stone Soup version 0.28.0-43-g3370ac3207 (webtiles) character file.

Game seed: 17011250885008246815

8855 theElss the Fighter (level 11, -1/106 HPs)
             Began as a Gargoyle Berserker on Mar 17, 2022.
             Was a Believer of Trog.
             Slain by a minotaur
             ... wielding the +8 falchion "Folasch" {speed, rC+ Will+ Dex-3}
              (15 damage)
             ... in a Gauntlet.
             The game lasted 00:23:12 (9300 turns).

theElss the Fighter (Gargoyle Berserker)            Turns: 9300, Time: 00:23:13

Health: -1/106     AC: 25    Str: 22    XL:     11   Next: 37%
Magic:  11/11      EV: 11    Int: 15    God:    Trog [**....]
Gold:   868        SH: 10    Dex: 11    Spells: 10/10 levels left

rFire   + + .      SeeInvis .   d - +10 morningstar "Ceqyetz" {vamp, rPois rF+}
rCold   + . .      Faith    .   c - +0 kite shield
rNeg    + . .      Spirit   .   E - +2 scale mail {rF+}
rPois   ∞          Reflect  .   x - +1 helmet
rElec   +          Harm     .   k - +0 cloak
rCorr   +          Rampage  .   B - +0 pair of gloves
Will    +....      NoTele   +   b - +0 pair of boots
Stlth   ..........              i - amulet of regeneration
HPRegen 1.07/turn               F - ring "Pobum" {rC+ Will+ rCorr Int+6}
MPRegen 0.12/turn               (no ring)

@: berserking, very quick
A: sickness immunity, AC +8, negative energy resistance 1, electricity
resistance, torment resistance 1, petrification resistance
a: Renounce Religion, Berserk, Trog's Hand


You were in a Gauntlet.
You worshipped Trog.
Trog was pleased with you.
You visited 1 branch of the dungeon, and saw 11 of its levels.
You also visited: Gauntlet.

You collected 868 gold pieces.

Inventory:

Hand Weapons
 a - a +0 mace
 d - the +10 morningstar "Ceqyetz" (weapon) {vamp, rPois rF+}
   (You found it in a Gauntlet)

   It occasionally heals its wielder for a portion of the damage dealt when it
   wounds a living foe.
   rF:        It protects you from fire.
   rPois:     It protects you from poison.
Missiles
 y - a throwing net (quivered)
Armour
 b - a +0 pair of boots (worn)
 c - a +0 kite shield (worn)
 k - a +0 cloak (worn)
 x - a +1 helmet (worn)
 B - a +0 pair of gloves (worn)
 E - a +2 scale mail of fire resistance (worn)
Jewellery
 f - the amulet "Reskeis" {Faith rC+ Will- Dex+6}
   (You found it in a Gauntlet)

   [amulet of faith]

   It allows you to gain divine favour quickly.
   Dex:       It affects your dexterity (+6).
   rC:        It protects you from cold.
   Will:      It decreases your willpower.
 i - an amulet of regeneration (around neck)
 F - the ring "Pobum" (left hand) {rC+ Will+ rCorr Int+6}
   (You found it on level 7 of the Dungeon)

   [ring of protection from cold]

   Int:       It affects your intelligence (+6).
   rC:        It protects you from cold.
   rCorr:     It protects you from acid and corrosion.
   Will:      It increases your willpower.
Wands
 m - a wand of acid (6)
 r - a wand of digging (5)
 C - a wand of iceblast (7)
Scrolls
 g - 2 scrolls of fear {unknown}
 j - 4 scrolls of enchant armour {unknown}
 n - a scroll of magic mapping {unknown}
 p - 3 scrolls of teleportation
 q - 2 scrolls of noise {unknown}
 s - a scroll of immolation {unknown}
 u - 2 scrolls of amnesia {unknown}
 v - 2 scrolls of vulnerability {unknown}
 w - a scroll of silence {unknown}
 H - a scroll of acquirement {unknown}
 I - a scroll of summoning {unknown}
 J - a scroll of blinking {unknown}
 K - 2 scrolls of fog {unknown}
Potions
 e - 3 potions of heal wounds
 h - 5 potions of curing
 l - 3 potions of lignification
 o - a potion of magic
 t - 2 potions of flight
 z - a potion of attraction
 G - a potion of might


   Skills:
 + Level 9.3 Fighting
 + Level 8.4 Maces & Flails
 + Level 9.0 Armour
 + Level 6.8 Dodging
 + Level 8.1 Shields


You had 10 spell levels left.
You didn't know any spells.
Your spell library was empty.

Dungeon Overview and Level Annotations

Branches:
Dungeon (11/15)            Temple (0/1) D:6            Lair (0/6) D:8
    Orc (0/2) D:9         Gauntlet (1/1)

Altars:
Dithmenos

Shops:
D:8 *

Annotations:
D:11 1 transporter, BigAl's ghost, journeyman MiGl Gauntlet 10 transporters, 21 runed translucent doors


Innate Abilities, Weirdness & Mutations

You are immune to sickness and miasma.
Your stone body is resilient. (AC +8)
You are immune to poison.
You resist negative energy. (rN+)
You are resistant to electric shocks. (rElec)
You are resistant to unholy torment.
You are immune to petrification.


Message History

There is a transporter here.
You see here a shapeshifter corpse.
You see here a +0 hat.
You see here a +0 hat.
You see here a shapeshifter corpse.
There is a transporter here.
You enter the transporter and appear at another place.
A minotaur comes into view.
It is wielding the +8 falchion "Folasch" {speed, rC+ Will+ Dex-3}, wearing the +1 chain mail "Ynti" {rN+ SInv} and quivering silver javelins.
The minotaur bellows!
The minotaur throws a silver javelin.
The silver javelin pierces through you!!
Okay, then.
A red film seems to cover your vision as you go berserk!
You feel yourself moving faster!
You feel mighty!
You puncture the minotaur!
You feel better.
The minotaur is lightly wounded.
The minotaur hits you with the +8 falchion "Folasch" {speed, rC+ Will+ Dex-3}!
You block the minotaur's attack. The minotaur closely misses you.
The minotaur gores you but does no damage.
You barely miss the minotaur.
The minotaur is lightly wounded.
You block the minotaur's attack. The minotaur gores you!
You closely miss the minotaur.
The minotaur is lightly wounded.
The minotaur hits you but does no damage.
The minotaur gores you!
You puncture the minotaur!
The minotaur is moderately wounded.
You block the minotaur's attack. x2
You closely miss the minotaur.
The minotaur furiously retaliates!
The minotaur headbutts you!
* * * LOW HITPOINT WARNING * * *
The minotaur is moderately wounded.
The minotaur hits you with the +8 falchion "Folasch" {speed, rC+ Will+ Dex-3}!
* * * LOW HITPOINT WARNING * * *
The minotaur gores you but does no damage.
You hit the minotaur but do no damage.
The minotaur is moderately wounded.
The minotaur hits you with the +8 falchion "Folasch" {speed, rC+ Will+ Dex-3}!
You die...

###..##^^.#.#.##...#=.....#..#
#8#..###########...###########
###........#©#.......#©#......
#≈.......#.#..§∩≈..#.#......
##########.#########.#######
#8# #§...............≈ # ###
#8§8.8.8.8.8.8.8.8 #
#≈..............§§
###.#@#######.#.## #.#.H..#
..#.# #.#.##.# # #.... ..
#.#.. ## #.#..# #....# #8.#


You could see a minotaur.

Vanquished Creatures
  A ghost crab (Gauntlet)
  Erolcha (D:10)
  Erica (D:10)
  A two-headed ogre (D:10)
  A two-headed ogre (shapeshifter) (Gauntlet)
  Nergalle (D:10)
  A spriggan (D:8)
  A vampire (D:9)
  7 yaks (D:9)
  A shadow (D:10)
  2 wyverns
  A steam dragon (D:9)
  2 swamp worms (Gauntlet)
  A water moccasin (D:9)
  An acid dragon (D:9)
  2 orc warriors
  An ice beast (D:6)
  2 ogres
  A sky beast (shapeshifter) (Gauntlet)
  A black bear (D:5)
  2 necrophages
  A black bear (shapeshifter) (Gauntlet)
  4 centaurs
  A phantom (D:6)
  Blork the orc (D:6)
  A bullfrog (D:8)
  A gnoll sergeant (D:5)
  2 scorpions (D:6)
  6 killer bees (D:9)
  4 wights
  2 howler monkeys (D:8)
  A centaur zombie (D:10)
  A bullfrog zombie (D:6)
  2 jellies
  A centaur skeleton (D:7)
  4 hounds
  2 orc priests
  4 iguanas
  8 orc wizards
  Natasha (twice) (D:2)
  A hound zombie (D:5)
  A howler monkey zombie (D:8)
  8 gnolls
  A howler monkey skeleton (D:6)
  8 adders
  A shadow imp (D:6)
  A white imp (D:7)
  2 ufetubi
  2 worms
  A dart slug (D:4)
  18 orcs
  3 ball pythons
  8 bats
  4 endoplasms
  3 giant cockroaches
  7 hobgoblins
  3 kobolds
  5 quokkas
  6 frilled lizards
  4 goblins (D:3)
  3 rats
  A toadstool (D:3)
171 creatures vanquished.

Vanquished Creatures (others)
  2 plants (Gauntlet)
  3 toadstools (D:3)
5 creatures vanquished.

Grand Total: 176 creatures vanquished

Notes
Turn   | Place    | Note
-------+----------+-------------------------------------------
     0 | D:1      | theElss the Gargoyle Berserker began the quest for the Orb.
     0 | D:1      | Reached XP level 1. HP: 14/14 MP: 1/1
   273 | D:1      | Reached XP level 2. HP: 19/19 MP: 2/2
   816 | D:2      | Reached XP level 3. HP: 23/23 MP: 3/3
   978 | D:2      | Found a faded altar of an unknown god.
  1233 | D:2      | Noticed Natasha
  1249 | D:2      | Killed Natasha
  1250 | D:2      | Reached XP level 4. HP: 29/29 MP: 4/4
  1440 | D:2      | Noticed Natasha
  1446 | D:2      | Killed Natasha
  1859 | D:3      | Reached ** piety under Trog
  1863 | D:3      | Reached XP level 5. HP: 31/33 MP: 5/5
  2390 | D:4      | Reached skill level 1 in Shields
  2441 | D:4      | Reached XP level 6. HP: 39/39 MP: 6/6
  2735 | D:4      | Noticed a necrophage
  2740 | D:4      | Killed a necrophage
  2910 | D:5      | Entered Level 5 of the Dungeon
  2951 | D:5      | Reached skill level 5 in Fighting
  2951 | D:5      | Reached XP level 7. HP: 44/44 MP: 7/7
  3497 | D:5      | Found a shadowy altar of Dithmenos.
  3850 | D:6      | Reached XP level 8. HP: 50/50 MP: 8/8
  3980 | D:6      | Reached skill level 5 in Maces & Flails
  4015 | D:6      | Found a staircase to the Ecumenical Temple.
  4036 | D:6      | Reached skill level 5 in Armour
  4340 | D:6      | Noticed Blork the orc
  4351 | D:6      | Killed Blork the orc
  4781 | D:7      | Noticed a wyvern
  5032 | D:7      | Reached XP level 9. HP: 47/56 MP: 9/9
  5386 | D:7      | Identified the ring "Pobum" {rC+ Will+ rCorr Int+6}
  5731 | D:8      | Reached skill level 5 in Shields
  5843 | D:8      | Found a staircase to the Lair.
  6199 | D:8      | Reached skill level 5 in Dodging
  6305 | D:8      | Found Yroqax's Mass Market.
  6876 | D:9      | Reached XP level 10. HP: 63/63 MP: 10/10
  7244 | D:9      | Found a staircase to the Orcish Mines.
  7410 | D:10     | Entered Level 10 of the Dungeon
  7528 | D:10     | Noticed a two-headed ogre
  7536 | D:10     | Killed a two-headed ogre
  7926 | D:10     | Identified the +11 battleaxe "Yhempyth" {freeze, Str+4
                  | Int+3}
  7928 | D:10     | Noticed Erolcha
  7940 | D:10     | Killed Erolcha
  8508 | D:11     | Found a transporter.
  8508 | D:11     | Noticed BigAl's ghost (journeyman MiGl)
  8508 | D:11     | Noticed a two-headed ogre
  8514 | D:11     | Noticed Nergalle
  8516 | D:11     | Noticed Erica
  8542 | D:10     | Killed Nergalle
  8543 | D:10     | Reached XP level 11. HP: 69/69 MP: 11/11
  8599 | D:10     | Killed Erica
  8718 | D:11     | Found a gate leading to a gauntlet.
  8729 | Gauntlet | Entered a Gauntlet
  8729 | Gauntlet | Found a transporter.
  8729 | Gauntlet | Found a transporter.
  8736 | Gauntlet | Found a transporter.
  8754 | Gauntlet | Found a transporter.
  8756 | Gauntlet | Found a large runed translucent door.
  8756 | Gauntlet | Found a large runed translucent door.
  8757 | Gauntlet | Found a large runed translucent door.
  8757 | Gauntlet | Found a large runed translucent door.
  8758 | Gauntlet | Found a runed translucent door.
  8758 | Gauntlet | Found a large runed translucent door.
  8758 | Gauntlet | Found a large runed translucent door.
  8758 | Gauntlet | Found a runed translucent door.
  8758 | Gauntlet | Found a large runed translucent door.
  8758 | Gauntlet | Found a large runed translucent door.
  8759 | Gauntlet | Found a large runed translucent door.
  8759 | Gauntlet | Found a large runed translucent door.
  8762 | Gauntlet | Found a large runed translucent door.
  8762 | Gauntlet | Found a large runed translucent door.
  8764 | Gauntlet | Found a large runed translucent door.
  8764 | Gauntlet | Found a large runed translucent door.
  8764 | Gauntlet | Found a large runed translucent door.
  8766 | Gauntlet | Found a runed translucent gate.
  8766 | Gauntlet | Found a runed translucent gate.
  8766 | Gauntlet | Found a runed translucent gate.
  8768 | Gauntlet | Found a transporter.
  8779 | Gauntlet | Found a large runed translucent door.
  8781 | Gauntlet | Found a transporter.
  8791 | Gauntlet | Noticed a necromancer
  8793 | Gauntlet | Noticed a death yak
  8795 | Gauntlet | Noticed a death yak
  8797 | Gauntlet | Noticed a death yak
  8797 | Gauntlet | Noticed a death yak
  8798 | Gauntlet | Noticed a death yak
  8799 | Gauntlet | Found a transporter.
  8873 | Gauntlet | Found a transporter.
  8885 | Gauntlet | Found a transporter.
  8887 | Gauntlet | Noticed a ghost crab
  8909 | Gauntlet | Found a transporter.
  8922 | Gauntlet | Found a transporter.
  8975 | Gauntlet | Noticed a dire elephant
  9003 | Gauntlet | Found a transporter.
  9012 | Gauntlet | Noticed a green death
  9013 | Gauntlet | Found a transporter.
  9023 | Gauntlet | Found a transporter.
  9047 | Gauntlet | Found a transporter.
  9057 | Gauntlet | Found a transporter.
  9113 | Gauntlet | Identified the +10 morningstar "Ceqyetz" {vamp, rPois rF+}
  9159 | Gauntlet | Killed a ghost crab
  9172 | Gauntlet | Identified the amulet "Reskeis" {Faith rC+ Will- Dex+6}
  9205 | Gauntlet | Noticed a faun
  9211 | Gauntlet | Noticed a two-headed ogre
  9221 | Gauntlet | Killed a two-headed ogre
  9290 | Gauntlet | Identified the +8 falchion "Folasch" {speed, rC+ Will+
                  | Dex-3}
  9290 | Gauntlet | Identified the +1 chain mail "Ynti" {rN+ SInv}
  9290 | Gauntlet | Noticed a minotaur
  9300 | Gauntlet | Slain by a minotaur

Illustrated notes

Levels and vault maps discovered:
D:1:      co_arrival_random_square_maze, layout_basic,
          chequers_serial_rivers_room_b
D:2:      layout_basic, ebering_ecumenical_altar_mist, uniq_natasha
D:3:      layout_rooms, minmay_gold_behind_fungi, st_stairs_9, minmay_vboxes
D:4:      layout_loops_ring
D:5:      layout_loops_ring, nicolae_dithmenos_shadow_blocks
D:6:      layout_basic, minmay_temple_entry_hall, chequers_avenue,
          uniq_blork_the_orc
D:7:      layout_loops_cross
D:8:      layout_loops_ring, lair_entry_dummy, minmay_shop_mass, the_hattery
D:9:      layout_cave_pools, orc_0_dummy
D:10:     layout_basic, uniq_erolcha
D:11:     layout_small_grid, gauntlet_entry_generic, gammafunk_ghost_smash,
          portal_ice_cave_rime, uniq_erica, uniq_nergalle
Gauntlet: gammafunk_gauntlet_branching [nicolae_gauntlet_arena_quarters,
          gammafunk_gauntlet_arena_split_x,
          minmay_gauntlet_arena_make_your_own_arena, nicolae_gauntlet_arena_x,
          nicolae_gauntlet_arena_flowing_pool, gammafunk_gauntlet_arena_grid,
          nicolae_gauntlet_swirl, gammafunk_gauntlet_arena_mazey,
          nicolae_gauntlet_exit_dead_adventurers]

Skill      XL: |  1  2  3  4  5  6  7  8  9 10 11 |
---------------+----------------------------------+-----
Dodging        | 2 3 4 5 6 |  6.8
Armour         | 3 4 5 7 8 9 |  9.0
Fighting       | 4 5 6 7 8 9 |  9.3
Maces & Flails | 4 5 6 8 |  8.4
Shields        | 1 2 3 4 6 7 8 |  8.1

Action                   |  1- 3 |  4- 6 |  7- 9 | 10-12 || total
-------------------------+-------+-------+-------+-------++-------
Melee: Mace              |    73 |   162 |   511 |   240 ||   986
       Punch             |     1 |       |       |       ||     1
       Morningstar       |       |       |       |    24 ||    24
Invok: Berserk           |     3 |     5 |    14 |    11 ||    33
       Trog's Hand       |       |       |     3 |     1 ||     4
  Use: Scroll            |       |       |       |    11 ||    11
Armor: Leather armour    |    27 |     6 |       |       ||    33
       Plate armour      |       |   123 |   275 |       ||   398
       Scale mail        |       |       |   128 |   274 ||   402
Dodge: Dodged            |    58 |    45 |   157 |   201 ||   461
Block: Kite shield       |       |    48 |   251 |   195 ||   494
